 Dungeon Crawl Stone Soup version 0.28.0-53-g5a82cb258f (webtiles) character file.

Game seed: 16581111741175236795

1283 DocClef the Chiller (level 8, -1/55 (58) HPs)
             Began as a Gnoll Ice Elementalist on July 10, 2022.
             Was a Follower of Cheibriados.
             Slain by a wight
             ... wielding a +2 falchion
              (7 damage)
             ... on level 6 of the Dungeon.
             The game lasted 00:09:20 (7425 turns).

DocClef the Chiller (Gnoll Ice Elementalist)        Turns: 7425, Time: 00:09:20

HP:   -1/55 (58)    AC: 13    Str: 14    XL:     8   Next: 54%
MP:   10/17         EV: 11    Int: 21    God:    Cheibriados [*.....]
Gold: 321           SH:  0    Dex: 15    Spells: 12/19 levels left

rFire   . . .      SeeInvis .   n - +0 spear
rCold   + + .      Faith    .   (no shield)
rNeg    . . .      Spirit   .   h - +2 scale mail "Ofokheut" {+Blink rC++ Str+4}
rPois   .          Reflect  .   l - +0 helmet
rElec   .          Harm     .   (no cloak)
rCorr   .          Rampage  .   (no gloves)
Will    .....                   (no boots)
Stlth   ++........              (no amulet)
HPRegen 0.18/turn               (no ring)
MPRegen 0.15/turn               (no ring)

@: ice-armoured, freezing walls, drained, very slow
A: fangs 1, strong nose, distributed training
a: Renounce Religion, Evoke Blink, Bend Time


You were on level 6 of the Dungeon.
You worshipped Cheibriados.
Cheibriados was aware of your devotion.
You visited 2 branches of the dungeon, and saw 7 of its levels.

You collected 321 gold pieces.

Inventory:

Hand Weapons
 n - a +0 spear (weapon)
Missiles
 a - a throwing net
 f - 4 curare-tipped darts
Armour
 h - the +2 scale mail "Ofokheut" (worn) {+Blink rC++ Str+4}
   (You found it on level 2 of the Dungeon)

   Str:       It affects your strength (+4).
   rC:        It greatly protects you from cold.
   +Blink:    It lets you blink.
 l - a +0 helmet (worn)
Jewellery
 q - a ring of resist corrosion
Wands
 k - a wand of paralysis (4)
 o - a wand of polymorph (5)
Scrolls
 b - 7 scrolls of identify {unknown}
 c - a scroll of holy word {unknown}
 d - 2 scrolls of enchant armour {unknown}
 e - a scroll of enchant weapon {unknown}
 g - a scroll of fog {unknown}
 i - a scroll of acquirement {unknown}
 m - 2 scrolls of amnesia {unknown}
 r - a scroll of blinking {unknown}
Potions
 j - 2 potions of curing {unknown}
 p - a potion of cancellation {unknown}
 s - a potion of lignification {unknown}


   Skills:
 + Level 3.3 Fighting
 + Level 3.3 Short Blades
 + Level 3.3 Long Blades
 + Level 3.3 Axes
 + Level 3.3 Maces & Flails
 + Level 3.3 Polearms
 + Level 3.3 Staves
 + Level 3.3 Slings
 + Level 3.3 Bows
 + Level 3.3 Crossbows
 + Level 3.3 Throwing
 + Level 3.3 Armour
 + Level 5.7 Dodging
 + Level 5.4 Stealth
 + Level 3.3 Shields
 + Level 3.3 Unarmed Combat
 + Level 6.1 Spellcasting
 + Level 2.7 Conjurations
 + Level 2.7 Hexes
 + Level 2.7 Summonings
 + Level 2.7 Necromancy
 + Level 2.7 Translocations
 + Level 2.7 Transmutations
 + Level 2.7 Fire Magic
 + Level 7.7 Ice Magic
 + Level 2.7 Air Magic
 + Level 2.7 Earth Magic
 + Level 2.7 Poison Magic
 + Level 3.7 Invocations
 + Level 3.3 Evocations


You had 12 spell levels left.
You knew the following spells:

 Your Spells              Type           Power      Damage    Failure   Level
a - Freeze                Ice            100%       1d11      1%          1
b - Frozen Ramparts       Ice            76%        1d9       4%          3
c - Ozocubu's Armour      Ice            38%        N/A       4%          3

Your spell library contained the following spells:

 Spells                   Type           Power      Damage    Failure   Level
 Portal Projectile        Hex/Tloc       36%        N/A       36%         3
 Hailstorm                Conj/Ice       28%        3d8       41%         4
 Blade Hands              Tmut           9%         N/A       98%         5
 Excruciating Wounds      Necr           9%         N/A       98%         5


Dungeon Overview and Level Annotations

Branches:
Dungeon (6/15)             Temple (1/1) D:4

Altars:
Cheibriados
Elyvilon
Fedhas
Gozag
Kikubaaqudgha
Makhleb
Nemelex Xobeh
Okawaru
Qazlal
Trog
Vehumet
Wu Jian
Yredelemnul
Zin
The Shining One

Shops:
D:4 :


Innate Abilities, Weirdness & Mutations

You have very sharp teeth.
Your uncanny sense of smell can sniff out nearby items.
Your experience applies equally to all skills.


Message History

You hit the wight.
The wight is moderately damaged.
The wight resists.
The wall freezes the wight.
The wight hits you with a +2 falchion.
Unknown command.
You hit the wight but do no damage.
The wight is heavily damaged.
The wight resists.
The wall freezes the wight.
The wight hits you but does no damage.
You hit the wight but do no damage.
The wight is heavily damaged.
The frozen ramparts melt away.
The wight closely misses you.
You barely miss the wight.
The wight is heavily damaged.
You hit the wight.
The wight is heavily damaged.
The wight hits you with a +2 falchion.
Okay, then.
Aiming: Polymorph
Press: ? - help, Shift-Dir - straight line, f - wight
Aim: a wight, wielding a +2 falchion and wearing a +0 robe (heavily damaged, not susceptible)
Okay, then.
Casting: Frozen Ramparts (dangerous; 4% risk of failure)
Confirm with . or Enter, or press ? or * to list all spells.
Okay, then.
Casting: Frozen Ramparts (dangerous; 4% risk of failure)
Confirm with . or Enter, or press ? or * to list all spells.
Casting: Frozen Ramparts (dangerous; 4% risk of failure)
Press: ? - help, Dir - look around, f - activate The walls around you are covered in ice.
The wight completely resists.
The wall freezes the wight but does no damage.
The wight hits you with a +2 falchion!
* * * LOW HITPOINT WARNING * * *
You hit the wight. You bite the wight, but do no damage.
The wight is severely damaged.
The wight completely resists.
The wall freezes the wight but does no damage.
The wight hits you with a +2 falchion!
You die...

####### ......#
###########
......####...##....#
...................#
####..####...###@#.#
....).# ##.## #z..#
####))# #.# #._.#
......# #.# ....#
.###.######.# ..#.#
.###.....##.# .....#
..##.###.##.# ...###
#..#.# ..... #....##


You could see a wight.

Vanquished Creatures
  Prince Ribbit (D:6)
  A water moccasin (D:5)
  A black bear (D:5)
  A necrophage (D:3)
  An ogre (D:5)
  2 scorpions
  A water moccasin zombie (D:5)
  A centaur skeleton (D:4)
  A gnoll shaman (D:6)
  A hound (D:5)
  An orc priest (D:3)
  2 jellies
  2 iguanas
  An orc wizard (D:3)
  A scorpion zombie (D:5)
  A howler monkey zombie (D:5)
  7 gnolls
  11 adders
  A white imp (D:3)
  An adder skeleton (D:5)
  A worm (D:3)
  2 dart slugs
  12 orcs
  6 ball pythons
  5 bats
  8 endoplasms
  5 giant cockroaches
  5 hobgoblins (D:1)
  7 kobolds
  5 quokkas
  A frilled lizard (D:1)
  6 goblins
  A goblin skeleton (D:3)
  A goblin zombie (D:3)
  A kobold skeleton (D:3)
  A kobold zombie (D:3)
  An orc skeleton (D:3)
  An orc zombie (D:3)
  7 rats
115 creatures vanquished.

Notes
Turn   | Place    | Note
-------+----------+-------------------------------------------
     0 | D:1      | DocClef the Gnoll Ice Elementalist began the quest for the
                  | Orb.
     0 | D:1      | Reached XP level 1. HP: 13/13 MP: 6/6
   159 | D:1      | Reached XP level 2. HP: 19/19 MP: 4/7
   589 | D:1      | Found a faded altar of an unknown god.
   667 | D:1      | Reached XP level 3. HP: 25/25 MP: 9/9
   692 | D:1      | Reached skill level 5 in Spellcasting
  1587 | D:2      | Reached skill level 1 in Invocations
  1835 | D:2      | Reached skill level 1 in Fighting
  1835 | D:2      | Reached skill level 1 in Short Blades
  1835 | D:2      | Reached skill level 1 in Long Blades
  1835 | D:2      | Reached skill level 1 in Axes
  1835 | D:2      | Reached skill level 1 in Maces & Flails
  1835 | D:2      | Reached skill level 1 in Polearms
  1835 | D:2      | Reached skill level 1 in Staves
  1835 | D:2      | Reached skill level 1 in Slings
  1835 | D:2      | Reached skill level 1 in Bows
  1835 | D:2      | Reached skill level 1 in Crossbows
  1835 | D:2      | Reached skill level 1 in Throwing
  1835 | D:2      | Reached skill level 1 in Armour
  1835 | D:2      | Reached skill level 1 in Shields
  1835 | D:2      | Reached skill level 1 in Unarmed Combat
  1835 | D:2      | Reached skill level 1 in Evocations
  1836 | D:2      | Reached XP level 4. HP: 32/32 MP: 7/11
  1840 | D:2      | Learned a level 3 spell: Frozen Ramparts
  1844 | D:2      | Learned a level 3 spell: Ozocubu's Armour
  1964 | D:2      | Identified the +2 scale mail "Ofokheut" {+Blink rC++ Str+4}
  2397 | D:3      | Noticed a necrophage
  2416 | D:3      | Killed a necrophage
  2417 | D:3      | Reached skill level 1 in Conjurations
  2417 | D:3      | Reached skill level 1 in Hexes
  2417 | D:3      | Reached skill level 1 in Summonings
  2417 | D:3      | Reached skill level 1 in Necromancy
  2417 | D:3      | Reached skill level 1 in Translocations
  2417 | D:3      | Reached skill level 1 in Transmutations
  2417 | D:3      | Reached skill level 1 in Fire Magic
  2417 | D:3      | Reached skill level 1 in Air Magic
  2417 | D:3      | Reached skill level 1 in Earth Magic
  2417 | D:3      | Reached skill level 1 in Poison Magic
  2417 | D:3      | Reached XP level 5. HP: 37/37 MP: 6/12
  2558 | D:3      | Found a glowing golden altar of the Shining One.
  3034 | D:3      | Reached XP level 6. HP: 26/44 MP: 9/13
  3988 | D:4      | Found an opulent altar of Gozag.
  4026 | D:4      | Found an ornate altar of the Wu Jian Council.
  4070 | D:4      | Reached skill level 5 in Dodging
  4400 | D:4      | Found a staircase to the Ecumenical Temple.
  4415 | D:4      | Found Lizybewo's Book Boutique.
  4420 | Temple   | Entered the Ecumenical Temple
  4548 | Temple   | Became a worshipper of Cheibriados the Contemplative
  5016 | D:4      | Found a white marble altar of Elyvilon.
  5408 | D:5      | Entered Level 5 of the Dungeon
  5504 | D:5      | Reached XP level 7. HP: 21/50 MP: 11/15
  6116 | D:5      | Reached * piety under Cheibriados
  6117 | D:5      | Reached skill level 5 in Stealth
  6377 | D:5      | Reached XP level 8. HP: 52/57 MP: 9/16
  7018 | D:6      | Noticed Prince Ribbit
  7027 | D:6      | Killed Prince Ribbit
  7402 | D:6      | Found an ancient bone altar of Kikubaaqudgha.
  7425 | D:6      | Slain by a wight

Illustrated notes

Levels and vault maps discovered:
D:1:      roderic_dead_forest, layout_basic,
          shapermc_ecumenical_altar_notcrosses, nrook_mini_vaults
D:2:      layout_loops_ring, minivault_24
D:3:      layout_loops_corners, nicolae_tso_besieged_by_evil
D:4:      layout_basic, nicolae_gozag_cash_rules_everything_around_me,
          mainiacjoe_overflow_alcove_2, nicolae_wu_jian_wuxing_cycle,
          minmay_temple_entry_offerings, nicolae_inconvenience_store,
          chequers_garden
D:5:      layout_basic
D:6:      layout_loops_ring, mainiacjoe_overflow_tiny_flanked,
          kennysheep_generic_room_11, uniq_grinder, uniq_prince_ribbit1,
          uniq_maggie
Temple:   compressed_dpeg_circular_temple

Skill      XL: |  1  2  3  4  5  6  7  8 |
---------------+-------------------------+-----
Spellcasting   | 5 6 |  6.1
Invocations    | 1 2 3 |  3.7
Fighting       | 1 2 3 |  3.3
Short Blades   | 1 2 3 |  3.3
Long Blades    | 1 2 3 |  3.3
Axes           | 1 2 3 |  3.3
Maces & Flails | 1 2 3 |  3.3
Polearms       | 1 2 3 |  3.3
Staves         | 1 2 3 |  3.3
Slings         | 1 2 3 |  3.3
Bows           | 1 2 3 |  3.3
Crossbows      | 1 2 3 |  3.3
Throwing       | 1 2 3 |  3.3
Armour         | 1 2 3 |  3.3
Shields        | 1 2 3 |  3.3
Unarmed Combat | 1 2 3 |  3.3
Evocations     | 1 2 3 |  3.3
Conjurations   | 1 2 |  2.7
Hexes          | 1 2 |  2.7
Summonings     | 1 2 |  2.7
Necromancy     | 1 2 |  2.7
Translocations | 1 2 |  2.7
Transmutations | 1 2 |  2.7
Fire Magic     | 1 2 |  2.7
Air Magic      | 1 2 |  2.7
Earth Magic    | 1 2 |  2.7
Poison Magic   | 1 2 |  2.7
Dodging        | 5 |  5.7
Stealth        | 5 |  5.4
Ice Magic      | |  7.7

Action                   |  1- 3 |  4- 6 |  7- 9 || total
-------------------------+-------+-------+-------++-------
Melee: Unarmed           |     2 |    36 |       ||    38
       Bite              |     6 |    31 |    16 ||    53
       Dagger            |    73 |   200 |       ||   273
       Punch             |     1 |     9 |     3 ||    13
       Spear             |       |    21 |   136 ||   157
       Mace              |       |    18 |       ||    18
 Cast: Freeze            |    27 |     7 |       ||    34
       Frozen Ramparts   |       |    10 |    13 ||    23
       Ozocubu's Armour  |       |     6 |     9 ||    15
 Stab: Sleeping          |     5 |     2 |     1 ||     8
       Distracted        |       |       |     1 ||     1
Armor: Robe              |    14 |       |       ||    14
       Scale mail        |       |   126 |    53 ||   179
Dodge: Dodged            |    48 |   121 |    66 ||   235
